 Dungeon Crawl Stone Soup version 0.18-a0-1211-g828307d (webtiles) character file.

156 Duffy the Cudgeler (level 5, -2/28 HPs)
             Began as a Vine Stalker Fighter on Feb 2, 2016.
             Slain by a giant frog (4 damage)
             ... in a sewer.
             The game lasted 00:01:26 (592 turns).

Duffy the Cudgeler (Vine Stalker Fighter)            Turns: 592, Time: 00:01:27

Health: -2/28      AC:  6    Str: 18    XL:     5   Next: 37%
Magic:  0/6        EV:  7    Int:  9    God:
Gold:   21         SH:  9    Dex: 14    Spells: 0 memorised, 4 levels left

rFire  . . .     SeeInvis .     a - +0 flail
rCold  . . .     Gourm    .     b - +0 scale mail
rNeg   . . .     Faith    .     c - +0 shield
rPois  .         Spirit   +     (no helmet)
rElec  .         Dismiss  .     (no cloak)
rCorr  .         Reflect  .     (no gloves)
SustAt .         Harm     .     (no boots)
MR     .....                    j - amulet of regeneration
Stlth  ..........               (no ring)
                                (no ring)

@: not resistant to hostile enchantments, extremely unstealthy
A: fangs 2, regeneration 1, magic shield, antimagic bite, no device heal 3, rot
immunity
a: no special abilities


You were in a sewer.
You were not hungry.

You visited 1 branch of the dungeon, and saw 3 of its levels.
You also visited: Sewer.

You collected 21 gold pieces.


Innate Abilities, Weirdness & Mutations

You have extremely sharp teeth.
Your natural rate of healing is unusually fast.
When hurt, damage is shared between your health and your magic reserves.
Your bite disrupts and absorbs the magic of your enemies.
Potions and wands cannot restore your health.
You are immune to rotting.


   Skills:
 + Level 3.2 Fighting
 + Level 4.5 Maces & Flails
 - Level 2.4 Armour
 - Level 2.6 Shields


You had 4 spell levels left.
You didn't know any spells.

Inventory:

Hand Weapons
 a - a +0 flail (weapon)
Armour
 b - a +0 scale mail (worn)
 c - a +0 shield (worn)
Jewellery
 j - an amulet of regeneration (around neck)
Scrolls
 e - a scroll of amnesia {unknown}
 g - a scroll of blinking {unknown}
 i - 2 scrolls of teleportation {unknown}
Potions
 d - a potion of might
 h - a potion of resistance {unknown}
Comestibles
 f - a bread ration
 k - 2 chunks of flesh

Dungeon Overview and Level Annotations

Branches:
Dungeon (3/15)

Altars:
Kikubaaqudgha


Message History

You hit the giant frog. You bite the giant frog. You drain its power.
You feel invigorated.
The giant frog is heavily wounded.
The giant frog hits you. The giant frog barely misses you. x2
You block the giant frog's attack.
You sock the giant frog! Your bite misses the giant frog.
The giant frog is almost dead.
The giant frog hits you. The giant frog barely misses you.
The giant frog hits you. x2
You are too injured to fight recklessly!
You are too injured to fight recklessly!
You are too injured to fight recklessly!
You are too injured to fight recklessly!
You are too injured to fight recklessly!
You are too injured to fight recklessly!
You are too injured to fight recklessly!
You are too injured to fight recklessly!
You are too injured to fight recklessly!
You are too injured to fight recklessly!
You are too injured to fight recklessly!
You are too injured to fight recklessly!
You are too injured to fight recklessly!
You are too injured to fight recklessly!
You closely miss the giant frog.
The giant frog is almost dead.
You block the giant frog's attack. The giant frog closely misses you.
The giant frog hits you. You block the giant frog's attack.
You sock the giant frog!
You kill the giant frog!
Your Fighting skill increases to level 3!
You have reached level 5!
The giant frog hits you. The giant frog closely misses you.
You barely miss the giant frog. Your bite misses the giant frog.
The giant frog hits you.
You die...

# $%[~~~~~~~~.# #\# #
.!.~~~~~~~~.# #.# #
~.~~~~~.~~~.# #\# #
.~~~~~~.~~~.# #.# #
~~~~~~~.~~~.# #.# #
~~~~~~~.~~~.###~## #
~~~#.~~~.##.~.# #
~~#%F~~.##~~~# #
#@~~~.##~~.# # #.~~~.##.~.#
# #.~~~~##~~~# #
#~~~~~##~~~#
################.~~~~##~~~##
.....~~~~~~...~~.~~~.~~~~..#
~~~~~~~~~~~~~~~~~~~~~~~~~~.#
~~~~~~~~~~~~~~~~~~~~~~~~~~.#
~~~~~~~~~~~~~~~~~~~~~~~~~~.#


You could see a giant frog.

Action                   |  1- 3 |  4- 6 || total
-------------------------+-------+-------++-------
Melee: Flail             |    88 |    75 ||   163

Notes
Turn   | Place    | Note
--------------------------------------------------------------
     0 | D:1      | Duffy the Vine Stalker Fighter began the quest for the Orb.
     0 | D:1      | Reached XP level 1. HP: 11/11 MP: 2/2
    57 | D:1      | Reached skill level 2 in Maces & Flails
   111 | D:2      | Reached XP level 2. HP: 16/16 MP: 3/3
   202 | D:3      | Found an ancient bone altar of Kikubaaqudgha.
   236 | D:3      | Reached skill level 3 in Maces & Flails
   236 | D:3      | Reached XP level 3. HP: 13/19 MP: 4/4
   329 | D:3      | Found a glowing drain.
   352 | D:3      | Reached XP level 4. HP: 20/23 MP: 5/5
   375 | Sewer    | Entered a sewer
   421 | Sewer    | Reached skill level 4 in Maces & Flails
   580 | Sewer    | Noticed a giant frog
   586 | Sewer    | Noticed a giant frog
   591 | Sewer    | Killed a giant frog
   591 | Sewer    | Reached skill level 3 in Fighting
   591 | Sewer    | Reached XP level 5. HP: 3/28 MP: 1/6
   592 | Sewer    | Slain by a giant frog

Vault maps used:
D:1:      mrwooster_arrival_statue
D:2:      nemelex_xobeh_ov_fountains_minmay
D:3:      overflow_temple_1_default, gup_sewer_entry_glass
Sewer:    sewer_frog_island_01

Vanquished Creatures
  A giant frog
  5 adders
  2 worms
  A giant gecko
  2 ball pythons
  12 giant cockroaches
  A goblin
  2 kobolds
  2 bats
  7 giant newts
  2 rats
37 creatures vanquished.
